Map: Port Aleksander LE

Players

Chabster

  • Race: Protoss Protoss
  • League: Grandmaster
  • Spawn Location: 11:00

Lambo - Winner!

  • Race: Zerg Zerg
  • League: Master
  • Spawn Location: 5:00

VOD

Have the link to the VOD?

Description

Time

  • Played on: Jan. 11, 2019, 9:44 a.m.
  • Length: 6:22
Show
View Real Time Build Order
Export as new Build Order

Chabster Protoss 

Build Orders:  

Get SALT Encoding   

  12  0:01  Probe  
  13  0:13  Probe  
  14  0:23  Pylon  
  14  0:25  Probe  
  15  0:37  Probe  
  16  0:45  Gateway, Probe  
  17  0:55  Probe, Forge  
  17  1:03  Probe  
  17  1:04  Assimilator  
  18  1:11  Probe  
  20  1:22  Probe  
  21  1:35  Probe  
  22  1:41  Assimilator  
  23  1:47  Probe  
  23  1:56  Cybernetics Core  
  23  1:57  Photon Cannon  
  23  2:12  Protoss Ground Weapons Level 1  
  23  2:20  Pylon  
  23  2:33  Warp Gate  
  23  2:38  Probe  
  23  2:39  Robotics Facility, Stalker  
  26  2:50  Probe  
  27  3:01  Gateway x2  
  27  3:02  Probe  
  28  3:13  Stalker  
  30  3:23  Warp Prism  
  30  3:25  Pylon  
  31  3:40  Gateway  
  31  3:42  Pylon  
  31  4:09  Gateway  
  31  4:20  Protoss Ground Armor Level 1  
  31  4:35  Pylon  
  31  4:36  Zealot x3, Pylon  
  31  4:43  Zealot x3  
  31  4:44  Zealot  
  39  5:04  Zealot x5  
  46  5:23  Zealot  
  46  5:25  Zealot x2  
  46  5:26  Sentry  
  54  5:32  Pylon  
  54  5:43  Pylon  
  54  5:52  Sentry x2, Zealot  
  54  5:53  Sentry  
  62  6:03  Zealot  
  64  6:07  Pylon  
Show
View Real Time Build Order
Export as new Build Order

Lambo Zerg - Winner!

Build Orders: Pool First 

Get SALT Encoding   

  12  0:00  Drone  
  13  0:14  Overlord  
  13  0:19  Drone  
  14  0:32  Drone x2  
  16  0:41  Spawning Pool  
  15  0:45  Drone  
  16  0:51  Drone  
  17  1:12  Hatchery  
  17  1:14  Drone  
  17  1:28  Zergling x2  
  17  1:29  Zergling x2  
  17  1:30  Queen  
  21  1:35  Extractor  
  20  1:40  Overlord  
  20  1:43  Drone  
  21  1:51  Drone  
  22  2:05  Drone  
  22  2:08  Queen  
  25  2:13  Drone  
  26  2:23  Drone  
  26  2:25  Drone  
  28  2:35  Drone x2  
  30  2:42  Drone  
  30  2:43  Hatchery  
  30  2:44  Drone  
  30  2:51  Metabolic Boost  
  31  2:56  Drone x2  
  32  3:05  Overlord  
  32  3:08  Spine Crawler  
  32  3:11  Overlord  
  31  3:17  Zergling x4  
  33  3:20  Zergling x2  
  33  3:21  Zergling x2  
  33  3:26  Overlord  
  35  3:27  Zergling x2  
  35  3:31  Overlord  
  36  3:36  Zergling x4  
  38  3:42  Zergling x4  
  38  3:47  Queen  
  42  3:51  Overlord  
  42  3:55  Zergling x2  
  42  3:56  Zergling x2  
  42  4:00  Overlord  
  44  4:06  Zergling x6  
  47  4:11  Overlord  
  47  4:16  Zergling x4  
  49  4:22  Zergling x6  
  52  4:27  Spore Crawler  
  52  4:29  Spore Crawler  
  50  4:36  Zergling x6  
  53  4:45  Zergling x2  
  54  4:50  Baneling Nest  
  54  4:52  Zergling x4  
  55  4:56  Zergling x6  
  58  5:01  Zergling x4  
  58  5:02  Drone  
  58  5:05  Drone  
  59  5:07  Drone  
  59  5:12  Drone x2  
  62  5:14  Drone  
  62  5:18  Drone  
  64  5:25  Drone x3  
  67  5:34  Zergling x10  
  72  5:37  Zergling x4  
  74  5:43  Queen  
  74  5:47  Zergling x4  
  78  5:54  Baneling x8  
  78  5:59  Zergling x4  
  78  6:00  Zergling x2  
  78  6:03  Baneling x2  
Tags
 
Add a new tag
Caveats
  • Supply blocks, unpowered buildings, or Contaminate may cause inaccurate times.
  • Supply counts are checked every 10 seconds.